Map: Honorgrounds LE

Players

Musumeci

  • Race: Zerg Zerg
  • League: Diamond
  • Spawn Location: 7:00

ENLINTAB - Winner!

  • Race: Zerg Zerg
  • League: Diamond
  • Spawn Location: 11:00

VOD

Have the link to the VOD?

Description

Time

  • Played on: March 15, 2017, 5:15 a.m.
  • Length: 4:10
Show
View Real Time Build Order
Export as new Build Order

Musumeci Zerg 

Build Orders: Hatch First 

Get SALT Encoding   

  12  0:01  Drone  
  13  0:09  Drone  
  14  0:17  Overlord  
  14  0:26  Drone, Extractor  
  15  0:37  Drone x2  
  17  0:57  Hatchery  
  17  1:01  Drone, Extractor  
  16  1:17  Spawning Pool  
  15  1:23  Drone  
  16  1:26  Drone  
  16  1:31  Drone  
  18  1:35  Drone  
  19  2:04  Queen  
  19  2:05  Spine Crawler  
  19  2:06  Zergling x4  
  22  2:10  Zergling x2  
  22  2:23  Metabolic Boost  
  22  2:24  Zergling x4  
  24  2:32  Zergling x4  
  25  2:52  Zergling x2  
  25  2:53  Zergling x2  
  23  3:08  Zergling x10  
  11  3:46  Zergling x2  
  11  3:47  Zergling x2  
  13  3:52  Drone  
  14  3:56  Drone  
Show
View Real Time Build Order
Export as new Build Order

ENLINTAB Zerg - Winner!

Build Orders: Pool Only, Zergling Baneling 

Get SALT Encoding   

  12  0:04  Drone  
  13  0:24  Spawning Pool  
  13  0:26  Extractor  
  12  0:28  Drone  
  12  0:33  Drone  
  13  0:38  Drone  
  14  0:47  Overlord  
  14  1:11  Zergling x4  
  14  1:13  Zergling x2  
  17  1:19  Queen  
  19  1:31  Metabolic Boost  
  19  1:42  Zergling x4  
  21  1:47  Overlord  
  21  2:06  Baneling Nest, Zergling x2  
  21  2:07  Zergling x2  
  22  2:18  Zergling x2  
  23  2:27  Zergling x2  
  24  2:44  Zergling x4  
  26  2:50  Baneling x5  
  26  2:52  Zergling x2  
  27  2:59  Zergling x2  
  24  3:22  Zergling x2  
  24  3:23  Zergling x2  
  25  3:35  Zergling x2  
  22  3:44  Zergling x4  
  23  3:48  Baneling  
  23  3:49  Baneling x5  
  23  3:53  Zergling x2  
Tags
 
Add a new tag
Caveats
  • Supply blocks, unpowered buildings, or Contaminate may cause inaccurate times.
  • Supply counts are checked every 10 seconds.